 Dungeon Sprint DCSS version 0.21-a0-260-g9b2435e (webtiles) character file.

10 Kidiri the Sneak (level 2, -2/14 HPs)
             Began as a Spriggan Enchanter on Sept 7, 2017.
             Slain by a hippogriff (9 damage)
             ... in the Dungeon (Sprint II: "The Violet Keep of Menkaure").
             The game lasted 00:01:02 (234 turns).

Kidiri the Sneak (Spriggan Enchanter)                Turns: 234, Time: 00:01:02

Health: -2/14      AC:  2    Str:  4    XL:     2   Next: 10%
Magic:  5/7        EV: 19    Int: 16    God:
Gold:   243        SH:  0    Dex: 16    Spells: 4/7 levels left

rFire    . . .     SeeInvis +   a - +1 dagger
rCold    . . .     Gourm    .   (shield restricted)
rNeg     . . .     Faith    .   b - +0 robe
rPois    .         Spirit   .   (helmet restricted)
rElec    .         Reflect  .   (no cloak)
rCorr    .         Harm     .   (gloves unavailable)
MR       .....     NoTele   +   (boots unavailable)
Stlth    +++.......             (no amulet)
HPRegen  0.04/turn              (no ring)
MPRegen  0.10/turn              (no ring)

@: very slightly contaminated, very quick
A: unfitting armour, see invisible, herbivore 3, speed 3, slow metabolism 2
a: no special abilities


You were in the Dungeon.
You were not hungry.

You visited 1 branch You collected 243 gold pieces.

Inventory:

Hand Weapons
 a - a +1 dagger (weapon)
Armour
 b - a +0 robe (worn)
Scrolls
 j - a scroll of blinking
Potions
 e - a potion of curing
 f - a potion of heal wounds
 g - a potion of haste
 h - 2 potions of magic
Books
 c - a book of Maledictions

   Spells                             Type                      Level
   a - Corona                         Hexes                        1
   b - Ensorcelled Hibernation        Hexes/Ice                    2
   c - Confuse                        Hexes                        3
   d - Tukima's Dance                 Hexes                        3
   e - Dazzling Spray                 Conjuration/Hexes            3
Comestibles
 d - a bread ration


   Skills:
 + Level 1.0 Fighting
 * Level 1.9 Short Blades
 + Level 0.4 Armour
 * Level 3.9 Dodging
 * Level 5.5 Stealth
 * Level 3.4 Spellcasting
 + Level 3.8 Hexes
 + Level 0.0 Ice Magic


You had 4 spell levels left.
You knew the following spells:

 Your Spells              Type           Power        Failure   Level  Hunger
a - Corona                Hex            ###....      3%          1    None
b - Ensorcelled Hibernat  Hex/Ice        #.....       12%         2    ##.....


Dungeon Overview and Level Annotations

Branches:
Dungeon (1/1)

Altars:


Innate Abilities, Weirdness & Mutations

You are very small and have problems with some larger weapons.
You are too small for most types of armour.
You have supernaturally acute eyesight. (SInv)
You are a herbivore.
You cover ground extremely quickly.
You need consume almost no food.


Message History

You open the door. 2 hippogriffs come into view.
Unknown command.
There is an open door here.
The helpless hippogriff fails to defend itself.
You impale the hippogriff!!
The hippogriff is heavily wounded.
The hippogriff closely misses you. The hippogriff pecks you.
The hippogriff claws you.
Unknown command.
Casting: Corona
Confirm with . or Enter, or press ? or * to list all spells.
Aiming: Ensorcelled Hibernation
Press: ? - help, Shift-Dir - straight line, f - hippogriff
Aim: a hippogriff (heavily wounded, chance to defeat MR: 35%)
You miscast Ensorcelled Hibernation.
You are very lightly contaminated with residual magic.
Frost covers your body. The hippogriff bites you!
Ouch! That really hurt!
You die...

##.#.#
#%.##.#
##..### #
##+# .##
##.##...#
+.<.nn#
##n##...#
#n## .##
#.#@# #
#H###H#
## ##


You could see a hippogriff and 2 necrophages.

Vanquished Creatures
  3 worms (D)
3 creatures vanquished.

Vanquished Creatures (others)
  Menkaure (D)
  A crocodile (D)
2 creatures vanquished.

Grand Total: 5 creatures vanquished

Notes
Turn   | Place    | Note
-------+----------+-------------------------------------------
     0 | D        | Kidiri the Spriggan Enchanter began the quest for the Orb.
     0 | D        | Reached XP level 1. HP: 9/9 MP: 5/5
     4 | D        | Reached skill level 5 in Stealth
     7 | D        | Noticed an electric eel
     7 | D        | Noticed an electric eel
     7 | D        | Noticed an electric eel
     7 | D        | Noticed an electric eel
     7 | D        | Noticed an electric eel
     8 | D        | Noticed an electric eel
    10 | D        | Reached skill level 1 in Fighting
    27 | D        | Killed Menkaure
    31 | D        | Killed a crocodile
   135 | D        | Reached XP level 2. HP: 14/14 MP: 2/7
   149 | D        | Learned a level 2 spell: Ensorcelled Hibernation
   228 | D        | Noticed a necrophage
   228 | D        | Noticed a necrophage
   228 | D        | Noticed a necrophage
   228 | D        | Noticed a necrophage
   230 | D        | Noticed a hippogriff
   230 | D        | Noticed a hippogriff
   234 | D        | Slain by a hippogriff

Vault maps used:
D:        the_violet_keep_of_menkaure

Skill      XL: |  1 |
---------------+----+-----
Stealth        | 5 |  5.5
Spellcasting   | 3 |  3.4
Fighting       | 1 |  1.0
Short Blades   | |  1.9
Armour         | |  0.4
Dodging        | |  3.9
Hexes          | |  3.8

Action                   || total
-------------------------++-------
Melee: Dagger            ||    12
 Cast: Corona            ||     4
  Use: Potion            ||     1
 Stab: Sleeping          ||     3
Armor: Robe              ||     1
Dodge: Dodged            ||     4

Table legend:
 A = Spawn XP
 B = Non-spawn XP
 C = Spawn XP percentage of total XP
 D = Spawn monster count
 E = Non-spawn monster count
 F = Spawn count percentage of total count
 G = Total turns spent on level
                    A         B        C        D         E        F      G
               +---------+---------+-------+---------+---------+-------+---------
         Total |       0 |      15 |   0.0 |       0 |       3 |   0.0 |   234
               +---------+---------+-------+---------+---------+-------+---------
             D |       0 |      15 |   0.0 |       0 |       3 |   0.0 |   234
               +---------+---------+-------+---------+---------+-------+---------
